 Dungeon Crawl Stone Soup version 0.30-a0-639-g3916f1956a (webtiles) character file.

Game seed: 7867105800400595611

420 quinnr the Gusty (level 6, -2/32 HPs)
             Began as a Tengu Air Elementalist on Jan 16, 2023.
             Was an Initiate of Vehumet.
             Slain by a wyvern (12 damage)
             ... on level 4 of the Dungeon.
             The game lasted 00:11:19 (5072 turns).

quinnr the Gusty (Tengu Air Elementalist)           Turns: 5072, Time: 00:11:20

Health: -2/32      AC:  2    Str:  9    XL:     6   Next: 94%
Magic:  3/11       EV: 15    Int: 17    God:    Vehumet [......]
Gold:   137        SH:  0    Dex: 14    Spells: 6/11 levels left

rFire   . . .      SeeInvis .    t - +2 dagger (protect)
rCold   . . .      Faith    .    (no shield)
rNeg    . . .      Spirit   .    a - +0 robe
rPois   .          Reflect  .    (helmet restricted)
rElec   .          Harm     .    (no cloak)
rCorr   .          Rampage  .    (no gloves)
Will    .....                    (boots unavailable)
Stlth   ++                       (no amulet)
HPRegen 0.25/turn                (no ring)
MPRegen 0.12/turn                (no ring)

@: flying quickly and evasively, very slightly contaminated, quick
A: beak, talons 3, nimble flight
a: Renounce Religion


You were on level 4 of the Dungeon.
You worshipped Vehumet.
Vehumet was noncommittal.
You visited 1 branch of the dungeon, and saw 5 of its levels.

You collected 137 gold pieces.


Innate Abilities, Weirdness & Mutations

You have a beak for a mouth.
You have claws for feet.
Your magical nature lets you fly swiftly and evasively.


   Skills:
 - Level 3.4 Dodging
 - Level 3.3 Stealth
 - Level 3.0 Spellcasting
 - Level 3.4 Conjurations
 * Level 7.3 Air Magic


You had 6 spell levels left.
You knew the following spells:

 Your Spells              Type           Power      Damage    Failure   Level
a - Airstrike             Air            13%        2d(2-18)  9%          4
z - Shock                 Conj/Air       80%        1d8       1%          1

Your spell library contained the following spells:

 Spells                   Type           Power      Damage    Failure   Level
 Swiftness                Air            27%        N/A       2%          3
 Static Discharge         Conj/Air       40%        2-4/arc   3%          2
 Gell's Gravitas          Tloc           2%         N/A       45%         3
 Teleport Other           Tloc           2%         N/A       45%         3
 Dispersal                Tloc           1%         N/A       100%        6

Inventory:

Hand Weapons
 r - a +0 hand axe
 t - a +2 dagger of protection (weapon)
Armour
 a - a +0 robe (worn)
 s - an orb of energy
Scrolls
 c - 4 scrolls of identify {@r1}
 e - 3 scrolls of blinking {unknown}
 g - 2 scrolls of amnesia {unknown}
 j - a scroll of poison
 m - 2 scrolls of teleportation {unknown}
 n - 2 scrolls of fog {unknown}
 o - a scroll of enchant armour {unknown}
Potions
 b - 2 potions of magic
 d - 2 potions of heal wounds {unknown}
 f - a potion of resistance {unknown}
 h - 2 potions of invisibility {unknown}
 i - a potion of attraction {unknown}
 k - a potion of lignification {unknown}
 l - a potion of brilliance {unknown}
 p - 2 potions of flight {unknown}
 q - a potion of berserk rage {unknown}

Dungeon Overview and Level Annotations

Branches:
Dungeon (5/15)
 Temple: D:4-7

Altars:
Hepliaklqana
Sif Muna
Vehumet

Annotations:
D:4 exclusion: two-headed ogre

#'#####....##...###..#######
...........##...###..###...#
.......................'.>.#
.......................#...#
.......................#...#
.......................#)..#
#######....##....###..######
.....##....##....###..##...#
.....#....).'...@..........#
.....#......#..ls..........#
.....#......#..............#
.....#......#..............#
.....#......#..............#
.....#......#..............#
.....###...##+######'##....#
##.....#...#..........######
.'.....#...'..........#


You could see a wyvern and a scorpion.


Message History

Aiming: Airstrike (quite dangerous; 9% risk of failure)
Press: ? - help, Dir - move target, f - scorpion
Aim: a scorpion (empty space bonus: 6/8)
You miscast Airstrike.
You are very lightly contaminated with residual magic.
Nothing appears to happen.
The wyvern closely misses you. The scorpion stings you.
* * * LOW HITPOINT WARNING * * *
Unknown command.
As you read the scroll labelled ULIACKU NYTUOD, it crumbles to dust.
It is a scroll of identify.
j - a scroll of poison The wyvern closely misses you.
The scorpion barely misses you. The wyvern closely misses you.
Casting: Airstrike (quite dangerous; 9% risk of failure)
Confirm with . or Enter, or press ? or * to list all spells.
Aiming: Shock (safe; 1% risk of failure)
Press: ? - help, Shift-Dir - straight line, f/p - scorpion
Aim: a scorpion (71% to hit)
Okay, then.
Casting: Shock (safe; 1% risk of failure)
Confirm with . or Enter, or press ? or * to list all spells.
The spell is quite dangerous to miscast (9% risk of failure)!
Continue anyway?
Aiming: Airstrike (quite dangerous; 9% risk of failure)
Press: ? - help, Dir - move target, f - wyvern, p - scorpion
Aim: a wyvern (empty space bonus: 6/8)
The air twists around and strikes the wyvern!
The wyvern is moderately wounded.
The scorpion closely misses you. The wyvern bites you!
You die...

Skill      XL: |  1  2  3  4  5  6 |
---------------+-------------------+-----
Conjurations   | 2 3 |  3.4
Dodging        | 3 |  3.4
Stealth        | 3 |  3.3
Air Magic      | 5 7 |  7.3
Spellcasting   | 3 |  3.0

Action                   |  1- 3 |  4- 6 || total
-------------------------+-------+-------++-------
Melee: Unarmed           |    14 |     2 ||    16
       Kick              |     5 |     2 ||     7
       Peck              |     1 |       ||     1
 Cast: Shock             |    84 |    83 ||   167
       Airstrike         |       |    14 ||    14
  Use: Potion            |       |     1 ||     1
       Scroll            |       |     1 ||     1
Armor: Robe              |    14 |     4 ||    18
Dodge: Dodged            |    33 |    26 ||    59

Levels and vault maps discovered:
D:1:      onia_arrival_pyramid, layout_basic, basic_ecumenical_altar,
          corexii_item_surrounded_by_moat
D:2:      kennysheep_big_flooded_room, layout_loops_ring, basic_altar
D:3:      layout_loops_ring, mainiacjoe_overflow_brackets
D:4:      layout_gridville, nzn_hepliaklqana_mist_gate, uniq_robin
D:5:      layout_cave_pools, fedhas_altar_4, nicolae_elyvilon_temple_path,
          kennysheep_diamond, item_on_display_a, uniq_sigmund

Notes
Turn   | Place    | Note
-------+----------+-------------------------------------------
     0 | D:1      | quinnr the Tengu Air Elementalist began the quest for the
                  | Orb.
     0 | D:1      | Reached XP level 1. HP: 10/10 MP: 4/4
   342 | D:1      | Reached XP level 2. HP: 15/15 MP: 4/6
   428 | D:1      | Found a faded altar of an unknown god.
   947 | D:2      | Reached skill level 2 in Conjurations
  1025 | D:1      | Reached XP level 3. HP: 19/19 MP: 2/7
  1394 | D:2      | Noticed a black bear
  1797 | D:3      | Reached XP level 4. HP: 24/24 MP: 5/8
  2230 | D:3      | Found a radiant altar of Vehumet.
  2232 | D:3      | You fall into a shaft and drop 2 floors!
  2232 | D:5      | Entered Level 5 of the Dungeon
  2255 | D:5      | Reached skill level 3 in Dodging
  2364 | D:4      | Noticed a phantom
  2401 | D:5      | Learned a level 4 spell: Airstrike
  2404 | D:4      | Reached skill level 3 in Stealth
  2404 | D:4      | Reached skill level 3 in Conjurations
  2404 | D:4      | Gained mutation: Your magical nature lets you fly swiftly
                  | and evasively. [Tengu growth]
  2404 | D:4      | Reached XP level 5. HP: 28/28 MP: 3/10
  2898 | D:3      | Became a worshipper of Vehumet
  3032 | D:3      | Reached skill level 5 in Air Magic
  3223 | D:4      | Noticed a two-headed ogre
  3310 | D:2      | Found a shimmering blue altar of Sif Muna.
  4001 | D:4      | Reached skill level 3 in Spellcasting
  4056 | D:4      | Reached XP level 6. HP: 32/32 MP: 8/11
  4142 | D:4      | Reached skill level 6 in Air Magic
  4344 | D:4      | Noticed Robin
  4486 | D:4      | Killed Robin
  4675 | D:4      | Found a hazy altar of Hepliaklqana.
  4976 | D:5      | Reached skill level 7 in Air Magic
  4977 | D:5      | Noticed a wyvern
  5072 | D:4      | Slain by a wyvern

Vanquished Creatures
  An ogre (D:5)
  A phantom (D:4)
  A scorpion (D:4)
  2 hounds
  Robin (D:4)
  6 adders
  An ufetubus (D:5)
  3 worms
  2 dart slugs
  2 orcs (D:4)
  5 bats
  4 endoplasms
  2 giant cockroaches
  13 goblins
  5 hobgoblins
  3 jackals (D:1)
  3 quokkas
  A ball python (D:1)
  3 frilled lizards (D:1)
  4 kobolds
  5 rats
68 creatures vanquished.

Table legend: (Time is in decaauts)
 A = Elapsed time spent in this place.
 B = Non-inter-level travel time spent in this place.
 C = Inter-level travel time spent in this place.
 D = Time resting spent in this place.
 E = Time spent auto-exploring this place.
 F = Levels seen in this place.
 G = Mean time per level.
                   A        B        C        D        E       F      G
               +--------+--------+--------+--------+--------+-----+--------+
         Total |   4917 |   4588 |    329 |    376 |   3526 |   5 |  983.4 |
       Dungeon |   4917 |   4588 |    329 |    376 |   3526 |   5 |  983.4 |
               +--------+--------+--------+--------+--------+-----+--------+

Top non-repeatable levels by time:
     D:3: 1465 daAuts
     D:4: 1284 daAuts
     D:1: 1012 daAuts
     D:2: 878 daAuts
     D:5: 277 daAuts

Table legend:
 A = Non-vault XP
 B = Vault XP
 C = Vault XP percentage of total XP
 D = Non-vault monster count
 E = Vault monster count
 F = Vault count percentage of total count
                 A         B        C        D         E       F
            +---------+---------+-------+---------+---------+-------
      Total |     437 |     164 |  27.3 |      54 |      14 |  20.6
            +---------+---------+-------+---------+---------+-------
        D:1 |      42 |       0 |   0.0 |      18 |       0 |   0.0
        D:2 |      30 |       3 |   9.1 |       9 |       2 |  18.2
        D:3 |      53 |       0 |   0.0 |      14 |       0 |   0.0
        D:4 |     267 |      31 |  10.4 |      12 |      10 |  45.5
        D:5 |      45 |     130 |  74.3 |       1 |       2 |  66.7
            +---------+---------+-------+---------+---------+-------
